 Dungeon Crawl Stone Soup version 0.32-a0-42-ga30500b4d3 (webtiles) character file.

Game seed: 14290561835570554810

282 cforsyth the Trooper (level 6, -2/49 HPs)
             Began as a Djinni Reaver on Jan 28, 2024.
             Killed by divine providence
             ... invoked by an orc priest
              (11 damage)
             ... on level 4 of the Dungeon.
             The game lasted 00:04:04 (2188 turns).

cforsyth the Trooper (Djinni Reaver)                Turns: 2188, Time: 00:04:04

Health: -2/49      AC:  4    Str: 11    XL:     6   Next: 53%
Gold:   286        EV: 11    Int: 17    God:
                   SH:  0    Dex: 11

rFire   + + .        a - +0 short sword
rCold   x . .        (no shield)
rNeg    . . .        b - +1 leather armour
rPois   ∞            (no helmet)
rElec   .            (no cloak)
rCorr   .            (no gloves)
SInv    .            (boots unavailable)
Will    .....        n - amulet of regeneration
Stlth   +            (no ring)
HPRegen 1.08/turn    (no ring)
MPRegen 0.00/turn

%: infuse magic (-3 HP)
@: flying
A: sickness immunity, fire resistance 2, cold vulnerability 1, float, innate
caster, HP casting, extra vitality 1
a: no special abilities


You were on level 4 of the Dungeon.
You visited 1 branch of the dungeon, and saw 4 of its levels.

You collected 286 gold pieces.

Inventory:

Hand Weapons
 a - a +0 short sword (weapon)
 e - a +2 vampiric spear
 p - a +2 dagger of electrocution
Armour
 b - a +1 leather armour (worn)
Jewellery
 n - an amulet of regeneration (around neck)
Scrolls
 c - 2 scrolls of enchant armour
 f - a scroll of teleportation
 l - 2 scrolls of immolation
Potions
 j - a potion of curing {unknown}
 m - a potion of mutation {unknown}
 o - a potion of degeneration


   Skills:
 + Level 4.8 Fighting
 - Level 2.6 Short Blades
 - Level 2.1 Dodging
 + Level 4.4 Spellcasting
 + Level 4.4 Conjurations
 + Level 4.4 Hexes
 + Level 4.4 Summonings
 + Level 4.4 Necromancy
 + Level 4.4 Translocations
 + Level 4.4 Fire Magic
 + Level 4.4 Ice Magic
 + Level 4.4 Air Magic
 + Level 4.4 Earth Magic
 + Level 4.4 Alchemy


You knew the following spells:

 Your Spells              Type           Power      Damage    Failure   Level
a - Kiss of Death         Conj/Necr      72%        2d10      3%          1
b - Momentum Strike       Conj/Tloc      36%        3d9       4%          2
c - Hailstorm             Conj/Ice       18%        3d7       10%         3
d - Foxfire               Conj/Fire      72%        2x1d7     3%          1
e - Mercury Vapours       Alch/Air       36%        N/A       4%          2
Your spell library was empty.

Dungeon Overview and Level Annotations

Branches:
Dungeon (4/15)
 Temple: D:4-7

Altars:


Innate Abilities, Weirdness & Mutations

You are immune to sickness and miasma.
You are immune to poison.
Your flesh is very heat resistant. (rF++)
You are vulnerable to cold. (rC-)
You float through the air rather than walking.
You learn spells naturally, not from books.
Your magical power is your life essence.
You have superior vitality. (+4 MHP)


Message History

A scorpion comes into view.
The orc moves out of view.
Found 10 gold pieces.
The orc shouts!
The hound attacks as it pursues you! The hound bites you but does no damage.
The hound bites you.
An orc wizard comes into view. It is wielding a +0 dagger.
The orc wizard shouts!
The hound attacks as it pursues you! The hound bites you. x2
The orc wizard moves out of view.
As you read the scroll of teleportation, it crumbles to dust.
You feel strangely unstable. The hound bites you. x2
A white imp comes into view.
The hound attacks as it pursues you! The hound bites you.
* * * LOW HITPOINT WARNING * * *
A kobold comes into view. It is wielding a +0 short sword.
The kobold shouts!
The white imp shouts, "Flounder, thou puking dizzy-eyed crab-lanthorn!"
The hound attacks as it pursues you! The hound barely misses you.
The orc wizard mumbles some strange words.
The orc wizard flickers and vanishes!
Deactivating autopickup; reactivate with Ctrl-A.
The hound barely misses you. The white imp gestures at you.
The puff of frost hits you!
You feel a terrible chill!
* * * LOW HITPOINT WARNING * * *
Your surroundings suddenly seem different.
A ball python comes into view.
Found a stone staircase leading down.
An orc wizard comes into view. It is wielding a +0 dagger.
The orc wizard shouts!
You hear a shout!
You aren't carrying any items that you can evoke.
An orc priest comes into view. It is wielding a +0 club.
Found 3 stones.
An orc comes into view. It is wielding a +0 whip.
Found a sling.
The orc shouts!
You hear a shout!
The orc priest invokes the aid of Beogh against you.
Beogh smites you!
You die...

######.............K..
#.#.....................
#.......................
#.......................
#...................o.#.
#(..........[..#.#.##†#.
#.......S......# #. #...
#..............#.#.##..#
#.....@.....>##........
##.................#...
##.##.#..o..#..#....## #
#.##....##.......
#.##...o....!.... #..
............. ...
........o... . .)# ..o
..##


You could see an orc priest, an orc wizard, an orc and a ball python.

Vanquished Creatures
  Grinder (D:3)
  An orc priest (D:3)
  A gnoll (D:1)
  An adder (D:4)
  A dart slug (D:2)
  4 orcs (D:3)
  6 ball pythons
  5 bats
  3 endoplasms (D:2)
  5 giant cockroaches
  2 goblins
  2 hobgoblins
  A quokka (D:2)
  A frilled lizard (D:3)
  4 kobolds
  5 rats
43 creatures vanquished.

Vanquished Creatures (others)
  146 foxfires
146 creatures vanquished.

Grand Total: 189 creatures vanquished

Notes
Turn   | Place    | Note
-------+----------+-------------------------------------------
     0 | D:1      | cforsyth the Djinni Reaver began the quest for the Orb.
     0 | D:1      | cforsyth set off with the following spells memorised: Kiss
                  | of Death, Momentum Strike, Hailstorm.
     0 | D:1      | Reached XP level 1. HP: 18/18 MP: 0/0
   236 | D:1      | Reached XP level 2. HP: 4/24 MP: 0/0
   414 | D:1      | Reached XP level 3. HP: 29/29 MP: 0/0
   414 | D:1      | Learned a level 1 spell: Foxfire
   441 | D:1      | Found a faded altar of an unknown god.
  1570 | D:3      | Noticed Grinder
  1581 | D:3      | Killed Grinder
  1582 | D:3      | Reached XP level 4. HP: 19/38 MP: 0/0
  1582 | D:3      | Reached XP level 5. HP: 21/42 MP: 0/0
  1582 | D:3      | Learned a level 2 spell: Mercury Vapours
  1582 | D:3      | Reached XP level 6. HP: 24/48 MP: 0/0
  2188 | D:4      | Killed from afar by an orc priest

Illustrated notes

Levels and vault maps discovered:
D:1:      shiori_arrival_whats_in_store_for_you, layout_loops_ring,
          chequers_ecumenical_altar_grove
D:2:      layout_loops_ring, minmay_nonomino_d4
D:3:      layout_rooms, amcnicky_altar_gilded, kennysheep_path_1, uniq_grinder
D:4:      layout_rooms, mainiacjoe_ossuary_entry_dusty_tomb,
          ebering_ghost_sewer_f, minmay_a_box_with_orc_wizards_in_it

Skill      XL: |  1  2  3 |
---------------+----------+-----
Spellcasting   | 3 4 |  4.4
Conjurations   | 3 4 |  4.4
Hexes          | 3 4 |  4.4
Summonings     | 3 4 |  4.4
Necromancy     | 3 4 |  4.4
Translocations | 3 4 |  4.4
Fire Magic     | 3 4 |  4.4
Ice Magic      | 3 4 |  4.4
Air Magic      | 3 4 |  4.4
Earth Magic    | 3 4 |  4.4
Alchemy        | 3 4 |  4.4
Fighting       | 4 |  4.8
Short Blades   | |  2.6
Dodging        | |  2.1

Action                     |  1- 3 |  4- 6 || total
---------------------------+-------+-------++-------
  Melee: Short sword       |    46 |     7 ||    53
         Spear             |     7 |       ||     7
   Cast: Kiss of Death     |     1 |       ||     1
         Foxfire           |    55 |    31 ||    86
    Use: Scroll            |       |     9 ||     9
 Armour: Leather armour    |    46 |    31 ||    77
  Dodge: Dodged            |    50 |    24 ||    74

Table legend: (Time is in decaauts)
 A = Elapsed time spent in this place.
 B = Non-inter-level travel time spent in this place.
 C = Inter-level travel time spent in this place.
 D = Time resting spent in this place.
 E = Time spent auto-exploring this place.
 F = Levels seen in this place.
 G = Mean time per level.
                   A        B        C        D        E       F      G
               +--------+--------+--------+--------+--------+-----+--------+
         Total |   2182 |   2055 |    127 |      0 |   1728 |   4 |  545.5 |
       Dungeon |   2182 |   2055 |    127 |      0 |   1728 |   4 |  545.5 |
               +--------+--------+--------+--------+--------+-----+--------+

Top non-repeatable levels by time:
     D:2: 806 daAuts
     D:1: 759 daAuts
     D:3: 575 daAuts
     D:4: 40 daAuts
